Scraper vs Demolitions (R1)

Created - 17 mai 2014 at 19:01

Goals
1 2 3 OT1 T
Scraper 1 2 0 0 3
Demolitions 1 2 0 1 4
Shots
1 2 3 OT1 T
Scraper 4 13 10 9 36
Demolitions 18 11 5 6 40

1st period

1. Scraper , Riley Armstrong 13 (Petr Sykora, Aaron Voros) at 12:08
2. Demolitions , Brandon Bochenski 8 (Troy Brouwer) at 15:57

Penalties :
Robert Bortuzzo (Vic) for Hooking (Minor) at 1:27, Alexander Radulov (Out) for Roughing (Minor) at 6:31, Valeri Bure (Out) for Hooking (Minor) at 18:22

2nd period

3. Demolitions , Petr Vrana 8 (Andy Rogers) at 2:41
4. Scraper , Aaron Ward 4 (Pernell Karl Subban, Logan Couture) at 4:49 (PP)
5. Scraper , Petr Sykora 15 (Pernell Karl Subban, Aaron Ward) at 13:29
6. Demolitions , Marcel Hossa 14 (Brad Richardson, Bobby Butler) at 13:36

Penalties :
Anthony Stewart (Vic) for Spearing (Major / Game Misconduct) at 3:48, Matt Martin (Out) for Interference (Minor) at 17:57

3rd period

No Goal

Penalties :
Matt Martin (Out) for Holding Stick (Minor) at 6:16

Overtime #1

7. Demolitions , Kyle Cumiskey 3 (Troy Brouwer, Brandon Bochenski) at 13:26

Penalties :
Riley Armstrong (Out) for Slashing (Minor) at 7:30, Robert Bortuzzo (Vic) for Cross-checking (Minor) at 10:40

Goalie Stats

Maxime Ouellet (Out), 36 saves from 40 shots - (0,900), OTL, 6-4-1, 73:26 minutes
Antero Niittymaki (Vic), 33 saves from 36 shots - (0,917), W, 12-8-1, 73:26 minutes

Players Stats for Scraper

Player Name              G  A  P  +/- PIM S  H  SB GA TA FO     MP     PP MP  PK MP  
------------------------------------------------------------------------------------
Aaron Voros              0  1  1   1  0   0  2  0  0  0  0/0    20:13   3:28   2:07 
Aaron Ward               1  1  2   0  0   4  0  2  0  3  0/0    34:06   4:55   5:12 
Alexander Radulov        0  0  0  -2  2   3  3  0  1  0  0/0    22:13   3:29   1:48 
Ben Eager                0  0  0  -1  0   2  1  1  0  0  0/0    13:12   1:00   0:00 
Eric Gryba               0  0  0   0  0   0  0  0  0  0  0/0    12:20   0:59   0:00 
Jamie Benn               0  0  0  -2  0   3  2  1  0  0  1/1    21:13   4:18   0:00 
Karl Alzner              0  0  0   0  0   2  1  2  0  0  0/0    12:25   0:41   0:16 
Logan Couture            0  1  1  -2  0   2  1  0  1  0  11/27  22:22   4:19   1:42 
Martin Hanzal            0  0  0  -1  0   3  1  0  0  0  3/8    13:54   1:05   0:20 
Matt Martin              0  0  0   0  4   0  1  0  0  0  2/3    13:32   0:11   2:00 
Michael Del Zotto        0  0  0  -2  0   0  2  1  0  0  0/0    26:42   3:08   4:27 
Mike Knuble              0  0  0   0  0   1  1  0  0  0  0/0    14:14   0:56   2:31 
Paul Ranger              0  0  0  -2  0   3  2  2  1  0  0/0    31:07   3:16   5:39 
Pernell Karl Subban      0  2  2   0  0   3  1  0  0  0  0/0    30:12   4:55   4:16 
Petr Sykora              1  1  2   1  0   1  1  0  0  1  0/0    19:44   0:03   5:17 
Riley Armstrong          1  0  1   1  2   2  0  0  0  1  6/12   17:42   3:25   0:00 
Roman Cervenka           0  0  0   0  0   0  2  0  0  0  0/2    10:28   0:08   0:00 
Valeri Bure              0  0  0  -1  2   7  2  0  0  0  3/6    21:31   4:29   4:05 

Players Stats for Demolitions

Player Name              G  A  P  +/- PIM S  H  SB GA TA FO     MP     PP MP  PK MP  
------------------------------------------------------------------------------------
Andy Rogers              0  1  1   1  0   3  2  1  0  0  0/0    26:27   4:18   3:19 
Anthony Stewart          0  0  0   0  15  0  0  0  0  0  0/1     9:09   2:02   0:56 
Anton Babchuk            0  0  0   1  0   2  3  0  0  0  0/0    26:27   4:18   3:19 
Bobby Butler             0  1  1   0  0   2  8  0  2  0  2/2    21:40   2:53   0:00 
Brad Richardson          0  1  1   2  0   7  1  0  2  1  22/38  30:40   5:00   4:38 
Brandon Bochenski        1  1  2   1  0   2  1  1  0  0  0/0    20:29   4:23   0:00 
Cal Clutterbuck          0  0  0  -1  0   0  2  0  0  0  0/0    17:34   1:40   0:00 
Jordan LaVallee          0  0  0   0  0   0  0  0  0  0  0/0     5:19   0:39   2:52 
Josh Beaulieu            0  0  0   0  0   0  0  0  0  0  0/0     0:54   0:00   0:54 
Kyle Cumiskey            1  0  1   1  0   2  1  0  0  1  0/0    32:37   5:37   5:02 
Kyle Wharton             0  0  0   0  0   1  0  2  0  0  0/0    14:22   0:00   0:36 
Marc-André Bernier       0  0  0   1  0   0  0  0  0  0  0/0     8:57   0:17   0:00 
Marcel Hossa             1  0  1   1  0   8  5  0  0  0  0/2    25:00   5:15   1:30 
Masi Marjamaki           0  0  0   0  0   0  0  0  0  0  0/0     0:00   0:00   0:00 
Nicolas Blanchard        0  0  0   1  0   2  4  0  0  0  5/11   21:43   3:48   1:42 
Petr Vrana               1  0  1   1  0   3  1  0  0  0  0/0    14:51   0:00   3:34 
Robert Bortuzzo          0  0  0   0  4   0  1  0  0  0  0/0    14:34   0:00   0:36 
Robert Klinkhammer       0  0  0   0  0   0  0  0  0  0  0/0     0:00   0:00   0:00 
Spencer Machacek         0  0  0   0  0   0  0  0  0  0  0/0     0:16   0:00   0:00 
Taylor Chorney           0  0  0   1  0   1  0  0  0  1  0/0    32:37   5:37   5:02 
Troy Brouwer             0  2  2   1  0   6  3  0  1  0  1/1    21:12   3:48   1:30 
Vince Rocco              0  0  0  -1  0   1  1  0  0  0  3/4    13:22   0:00   0:18 

3 Stars

1 - Brandon Bochenski (Vic)
2 - Petr Sykora (Out)
3 - Marcel Hossa (Vic)

Power Play

Scraper - 1 on 3 Attempt(s) - 33,33%
Demolitions - 0 on 5 Attempt(s) - 0,00%

Penalty Kill

Scraper - 5 on 5 Attempt(s) - 100,00% - Score 0 goal in Penalty Kill
Demolitions - 2 on 3 Attempt(s) - 66,67% - Score 0 goal in Penalty Kill

Official

Referees : O'Halloran Dan and Kimmerly Greg
Linesman : Thor Nelson and Mark Wheler

Game Notes

Anthony Stewart ejected from game at 3:48 of 2nd period
11:21 of 1st overtime period - Scraper goal is going for a video replay. After video review, No Goal. The referee deems the play has been stopped, even if he had not physically had the opportunity to stop play by blowing his whistle.

Finance

Level 1 -- Attendance: 2000 (100,00%) -- Ticket Income 70 000 $
Level 2 -- Attendance: 1000 (100,00%) -- Ticket Income 15 000 $
Total Attendance: 3000 (100,00%)
Total Ticket Income: 85 000 $
Other Income: 4 250 $
Total Income: 89 250 $

Scraper

5 vs 5 Forward 
   Center                   Left Wing                Right Wing               Time % Phy DF OF 
 1 Logan Couture            Jamie Benn               Alexander Radulov        40     1   2  2  
 2 Riley Armstrong          Aaron Voros              Petr Sykora              30     1   2  2  
 3 Martin Hanzal            Ben Eager                Valeri Bure              22     1   2  2  
 4 Roman Cervenka           Matt Martin              Mike Knuble              8      1   2  2  

5 vs 5 Defense 
   Defense                  Defense                                           Time % Phy DF OF 
 1 Aaron Ward               Pernell Karl Subban                               40     1   2  2  
 2 Paul Ranger              Michael Del Zotto                                 35     1   2  2  
 3 Eric Gryba               Karl Alzner                                       15     1   2  2  
 4 Aaron Ward               Paul Ranger                                       10     1   2  2  

PowerPlay Forward 
   Center                   Left Wing                Right Wing               Time % Phy DF OF 
 1 Logan Couture            Jamie Benn               Valeri Bure              60     1   2  2  
 2 Riley Armstrong          Aaron Voros              Alexander Radulov        40     1   2  2  

PowerPlay Defense
   Defense                  Defense                                           Time % Phy DF OF 
 1 Aaron Ward               Pernell Karl Subban                               60     1   2  2  
 2 Michael Del Zotto        Paul Ranger                                       40     1   2  2  

Penalty Kill 4 Players Forward 
   Center                   Wing                     Time % Phy DF OF 
 1 Valeri Bure              Petr Sykora              60     1   2  2  
 2 Alexander Radulov        Mike Knuble              40     1   2  2  

Penalty Kill 4 Players Defense
   Defense                  Defense                  Time % Phy DF OF 
 1 Aaron Ward               Paul Ranger              60     1   2  2  
 2 Pernell Karl Subban      Michael Del Zotto        40     1   2  2  

Penalty Kill - 3 Players Forward 
   Forward                                           Time % Phy DF OF 
 1 Valeri Bure                                       60     1   2  2  
 2 Petr Sykora                                       40     1   2  2  

Penalty Kill - 3 Players Defense
   Defense                  Defense                  Time % Phy DF OF 
 1 Aaron Ward               Paul Ranger              60     1   2  2  
 2 Pernell Karl Subban      Michael Del Zotto        40     1   2  2  

4 vs 4 Forward 
   Center                   Wing                     Time % Phy DF OF 
 1 Valeri Bure              Petr Sykora              60     1   2  2  
 2 Alexander Radulov        Mike Knuble              40     1   2  2  

4 vs 4 Defense
   Defense                  Defense                  Time % Phy DF OF 
 1 Aaron Ward               Paul Ranger              60     1   2  2  
 2 Pernell Karl Subban      Michael Del Zotto        40     1   2  2  

Last Minutes Offensive
   Center                   Left Wing                Right Wing               Defense                  Defense                  
   Logan Couture            Jamie Benn               Alexander Radulov        Aaron Ward               Pernell Karl Subban      

Last Minutes Defensive
   Center                   Left Wing                Right Wing               Defense                  Defense                  
   Riley Armstrong          Ben Eager                Valeri Bure              Aaron Ward               Paul Ranger              

Goaltenders
Starting : Maxime Ouellet           
Backup : Peter Mannino            

Extra Forwards
Normal : Logan Couture, Jamie Benn, Matt Martin - PP : Logan Couture, Jamie Benn - PK : Matt Martin
Extra Defensemen
Normal : Eric Gryba, Michael Del Zotto, Pernell Karl Subban - PP : Eric Gryba - PK : Michael Del Zotto, Pernell Karl Subban
Penalty Shots
Logan Couture, Jamie Benn, Alexander Radulov, Mike Knuble, Riley Armstrong

Demolitions

5 vs 5 Forward 
   Center                   Left Wing                Right Wing               Time % Phy DF OF 
 1 Brad Richardson          Marcel Hossa             Anthony Stewart          40     1   2  2  
 2 Nicolas Blanchard        Troy Brouwer             Brandon Bochenski        30     1   2  2  
 3 Vince Rocco              Bobby Butler             Cal Clutterbuck          20     1   2  2  
 4 Brad Richardson          Petr Vrana               Marc-André Bernier       10     1   2  2  

5 vs 5 Defense 
   Defense                  Defense                                           Time % Phy DF OF 
 1 Taylor Chorney           Kyle Cumiskey                                     40     1   2  2  
 2 Andy Rogers              Anton Babchuk                                     30     1   2  2  
 3 Kyle Wharton             Robert Bortuzzo                                   20     1   2  2  
 4 Taylor Chorney           Kyle Cumiskey                                     10     1   2  2  

PowerPlay Forward 
   Center                   Left Wing                Right Wing               Time % Phy DF OF 
 1 Brad Richardson          Marcel Hossa             Anthony Stewart          60     1   2  2  
 2 Nicolas Blanchard        Troy Brouwer             Brandon Bochenski        40     1   2  2  

PowerPlay Defense
   Defense                  Defense                                           Time % Phy DF OF 
 1 Taylor Chorney           Kyle Cumiskey                                     60     1   2  2  
 2 Andy Rogers              Anton Babchuk                                     40     1   2  2  

Penalty Kill 4 Players Forward 
   Center                   Wing                     Time % Phy DF OF 
 1 Brad Richardson          Anthony Stewart          60     1   2  2  
 2 Marcel Hossa             Troy Brouwer             40     1   2  2  

Penalty Kill 4 Players Defense
   Defense                  Defense                  Time % Phy DF OF 
 1 Taylor Chorney           Kyle Cumiskey            60     1   2  2  
 2 Andy Rogers              Anton Babchuk            40     1   2  2  

Penalty Kill - 3 Players Forward 
   Forward                                           Time % Phy DF OF 
 1 Brad Richardson                                   60     1   2  2  
 2 Anthony Stewart                                   40     1   2  2  

Penalty Kill - 3 Players Defense
   Defense                  Defense                  Time % Phy DF OF 
 1 Taylor Chorney           Kyle Cumiskey            60     1   2  2  
 2 Andy Rogers              Anton Babchuk            40     1   2  2  

4 vs 4 Forward 
   Center                   Wing                     Time % Phy DF OF 
 1 Brad Richardson          Anthony Stewart          60     1   2  2  
 2 Marcel Hossa             Troy Brouwer             40     1   2  2  

4 vs 4 Defense
   Defense                  Defense                  Time % Phy DF OF 
 1 Taylor Chorney           Kyle Cumiskey            60     1   2  2  
 2 Andy Rogers              Anton Babchuk            40     1   2  2  

Last Minutes Offensive
   Center                   Left Wing                Right Wing               Defense                  Defense                  
   Brad Richardson          Marcel Hossa             Anthony Stewart          Taylor Chorney           Kyle Cumiskey            

Last Minutes Defensive
   Center                   Left Wing                Right Wing               Defense                  Defense                  
   Brad Richardson          Marcel Hossa             Anthony Stewart          Taylor Chorney           Kyle Cumiskey            

Goaltenders
Starting : Antero Niittymaki        
Backup : Chad Johnson             

Extra Forwards
Normal : Bobby Butler, Cal Clutterbuck, Petr Vrana - PP : Bobby Butler, Cal Clutterbuck - PK : Petr Vrana
Extra Defensemen
Normal : Kyle Wharton, Robert Bortuzzo, Andy Rogers - PP : Kyle Wharton - PK : Robert Bortuzzo, Andy Rogers
Penalty Shots
Brad Richardson, Anthony Stewart, Marcel Hossa, Troy Brouwer, Brandon Bochenski

% Time on Ice - Scraper

Lines # - Real PCT - Wanted PCT - Time Play
Normal Forward
1 - 33% - 40% - 17:49
2 - 26% - 30% - 14:17
3 - 22% - 22% - 12:08
4 - 19% - 8% - 10:20
Normal Defense
1 - 41% - 40% - 22:24
2 - 35% - 35% - 19:07
3 - 20% - 15% - 11:08
4 - 4% - 10% - 1:55
PP Forward
1 - 58% - 60% - 5:13
2 - 42% - 40% - 3:44
PP Defense
1 - 60% - 60% - 5:22
2 - 40% - 40% - 3:35
PK Forward
1 - 75% - 60% - 7:24
2 - 25% - 40% - 2:31
PK Defense
1 - 57% - 60% - 5:39
2 - 43% - 40% - 4:16
PK3 Forward
1 - 0% - 60%
2 - 0% - 40%
PK3 Defense
1 - 0% - 60%
2 - 0% - 40%
44 Forward
1 - 0% - 60%
2 - 0% - 40%
44 Defense
1 - 0% - 60%
2 - 0% - 40%
Last Minute Offensive  - 0:00
Last Minute Defensive  - 0:00
Total
Forward - 73:26
Defense - 73:26

% Time on Ice - Demolitions

Lines # - Real PCT - Wanted PCT - Time Play
Normal Forward
1 - 36% - 40% - 19:44
2 - 30% - 30% - 16:13
3 - 22% - 20% - 12:08
4 - 12% - 10% - 6:29
Normal Defense
1 - 39% - 40% - 21:28
2 - 35% - 30% - 18:50
3 - 25% - 20% - 13:46
4 - 1% - 10% - 0:30
PP Forward
1 - 62% - 60% - 6:07
2 - 38% - 40% - 3:48
PP Defense
1 - 57% - 60% - 5:37
2 - 43% - 40% - 4:18
PK Forward
1 - 83% - 60% - 7:27
2 - 17% - 40% - 1:30
PK Defense
1 - 56% - 60% - 5:02
2 - 44% - 40% - 3:55
PK3 Forward
1 - 0% - 60%
2 - 0% - 40%
PK3 Defense
1 - 0% - 60%
2 - 0% - 40%
44 Forward
1 - 0% - 60%
2 - 0% - 40%
44 Defense
1 - 0% - 60%
2 - 0% - 40%
Last Minute Offensive  - 0:00
Last Minute Defensive  - 0:00
Total
Forward - 73:26
Defense - 73:26

Play by Play

1st period


0:01 of 1st period - Logan Couture wins face-off versus Anthony Stewart in neutral zone.
1:27 of 1st period - Minor Penalty to Robert Bortuzzo for Hooking.
1:28 of 1st period - Brad Richardson wins face-off versus Logan Couture in Demolitions zone.
1:39 of 1st period - Backhand shot by Valeri Bure.
1:39 of 1st period - Stopped by Antero Niittymaki with a rebound.
1:41 of 1st period - Snap shot by Pernell Karl Subban.
1:41 of 1st period - Stopped by Antero Niittymaki with a rebound.
1:43 of 1st period - Slapshot by Aaron Ward.
1:43 of 1st period - Shot Misses the Net.
1:53 of 1st period - Riley Armstrong is hit by Marcel Hossa and loses puck.
2:00 of 1st period - Slapshot by Troy Brouwer.
2:00 of 1st period - Shot Blocked by Aaron Ward.
2:12 of 1st period - Snap shot by Brad Richardson.
2:12 of 1st period - Stopped by Maxime Ouellet with a rebound.
2:18 of 1st period - Brad Richardson is hit by Paul Ranger and loses puck.
3:27 of 1st period - Penalty to Robert Bortuzzo is over, Robert Bortuzzo is back on ice.
3:49 of 1st period - Paul Ranger is hit by Marcel Hossa.
3:55 of 1st period - Snap shot by Marcel Hossa.
3:55 of 1st period - Stopped by Maxime Ouellet with a rebound.
4:24 of 1st period - Snap shot by Petr Vrana.
4:24 of 1st period - Shot Blocked by Karl Alzner.
4:32 of 1st period - Karl Alzner is hit by Vince Rocco.
5:02 of 1st period - Wrist shot by Cal Clutterbuck.
5:02 of 1st period - Deflect By Brad Richardson.
5:02 of 1st period - Stopped by Maxime Ouellet without a rebound.
5:03 of 1st period - Riley Armstrong wins face-off versus Brad Richardson in Scraper zone.
5:38 of 1st period - Wrist shot by Roman Cervenka.
5:38 of 1st period - Shot Misses the Net.
5:40 of 1st period - Slapshot by Eric Gryba.
5:40 of 1st period - Shot Misses the Net.
5:42 of 1st period - Slapshot by Eric Gryba.
5:42 of 1st period - Shot Blocked by Andy Rogers.
5:44 of 1st period - Slapshot by Karl Alzner.
5:44 of 1st period - Stopped by Antero Niittymaki with a rebound.
6:18 of 1st period - Wrist shot by Bobby Butler.
6:18 of 1st period - Shot Blocked by Aaron Ward.
6:20 of 1st period - Slapshot by Andy Rogers.
6:20 of 1st period - Stopped by Maxime Ouellet with a rebound.
6:22 of 1st period - Wrist shot by Andy Rogers.
6:22 of 1st period - Stopped by Maxime Ouellet without a rebound.
6:23 of 1st period - Brad Richardson wins face-off versus Logan Couture in Scraper zone.
6:26 of 1st period - Wrist shot by Marcel Hossa.
6:26 of 1st period - Stopped by Maxime Ouellet without a rebound.
6:27 of 1st period - Brad Richardson wins face-off versus Logan Couture in Scraper zone.
6:31 of 1st period - Minor Penalty to Alexander Radulov for Roughing.
6:32 of 1st period - Brad Richardson wins face-off versus Valeri Bure in Scraper zone.
6:48 of 1st period - Slapshot by Brad Richardson.
6:48 of 1st period - Stopped by Maxime Ouellet with a rebound.
8:31 of 1st period - Penalty to Alexander Radulov is over, Alexander Radulov is back on ice.
8:34 of 1st period - Paul Ranger is hit by Bobby Butler and loses puck.
9:02 of 1st period - Brad Richardson is hit by Alexander Radulov and loses puck.
12:08 of 1st period - Slapshot by Riley Armstrong.
12:08 of 1st period - Goal by Riley Armstrong - Scraper : 1 - Demolitions : 0.
12:09 of 1st period - Logan Couture wins face-off versus Brad Richardson in neutral zone.
12:38 of 1st period - Petr Sykora is hit by Anton Babchuk and loses puck.
13:39 of 1st period - Snap shot by Riley Armstrong.
13:39 of 1st period - Deflect By Petr Sykora.
13:39 of 1st period - Shot Blocked by Kyle Wharton.
13:39 of 1st period - Puck is out of play.
13:40 of 1st period - Nicolas Blanchard wins face-off versus Riley Armstrong in Demolitions zone.
13:49 of 1st period - Snap shot by Troy Brouwer.
13:49 of 1st period - Shot Misses the Net.
13:55 of 1st period - Snap shot by Brandon Bochenski.
13:55 of 1st period - Stopped by Maxime Ouellet with a rebound.
14:15 of 1st period - Aaron Voros is hit by Brad Richardson and loses puck.
14:56 of 1st period - Snap shot by Troy Brouwer.
14:56 of 1st period - Shot Misses the Net.
14:58 of 1st period - Snap shot by Nicolas Blanchard.
14:58 of 1st period - Shot Misses the Net.
15:05 of 1st period - Icing by Paul Ranger.
15:06 of 1st period - Valeri Bure wins face-off versus Brad Richardson in Scraper zone.
15:12 of 1st period - Off-side.
15:13 of 1st period - Brad Richardson wins face-off versus Martin Hanzal in neutral zone.
15:24 of 1st period - Snap shot by Brad Richardson.
15:24 of 1st period - Stopped by Maxime Ouellet with a rebound.
15:26 of 1st period - Slapshot by Taylor Chorney.
15:26 of 1st period - Deflect By Brad Richardson.
15:26 of 1st period - Shot Misses the Net.
15:26 of 1st period - Puck is out of play.
15:27 of 1st period - Logan Couture wins face-off versus Brad Richardson in Scraper zone.
15:57 of 1st period - Wrist shot by Brandon Bochenski.
15:57 of 1st period - Goal by Brandon Bochenski - Scraper : 1 - Demolitions : 1.
15:58 of 1st period - Brad Richardson wins face-off versus Logan Couture in neutral zone.
16:50 of 1st period - Off-side.
16:51 of 1st period - Martin Hanzal wins face-off versus Vince Rocco in neutral zone.
17:12 of 1st period - Snap shot by Bobby Butler.
17:12 of 1st period - Stopped by Maxime Ouellet with a rebound.
17:14 of 1st period - Snap shot by Vince Rocco.
17:14 of 1st period - Stopped by Maxime Ouellet with a rebound.
17:16 of 1st period - Slapshot by Andy Rogers.
17:16 of 1st period - Stopped by Maxime Ouellet with a rebound.
17:18 of 1st period - Snap shot by Bobby Butler.
17:18 of 1st period - Stopped by Maxime Ouellet with a rebound.
17:20 of 1st period - Backhand shot by Cal Clutterbuck.
17:20 of 1st period - Shot Misses the Net.
17:22 of 1st period - Slapshot by Anton Babchuk.
17:22 of 1st period - Shot Blocked by Ben Eager.
17:24 of 1st period - Snap shot by Anton Babchuk.
17:24 of 1st period - Stopped by Maxime Ouellet with a rebound.
17:26 of 1st period - Snap shot by Anton Babchuk.
17:26 of 1st period - Deflect By Valeri Bure.
17:26 of 1st period - Stopped by Maxime Ouellet without a rebound.
17:27 of 1st period - Logan Couture wins face-off versus Brad Richardson in Scraper zone.
17:36 of 1st period - Snap shot by Brad Richardson.
17:36 of 1st period - Shot Misses the Net.
17:38 of 1st period - Slapshot by Marcel Hossa.
17:38 of 1st period - Stopped by Maxime Ouellet without a rebound.
17:39 of 1st period - Brad Richardson wins face-off versus Logan Couture in Scraper zone.
17:44 of 1st period - Snap shot by Brad Richardson.
17:44 of 1st period - Stopped by Maxime Ouellet with a rebound.
17:54 of 1st period - Backhand shot by Paul Ranger.
17:54 of 1st period - Shot Misses the Net.
18:22 of 1st period - Minor Penalty to Valeri Bure for Hooking.
18:23 of 1st period - Matt Martin wins face-off versus Nicolas Blanchard in Scraper zone.
18:43 of 1st period - Pernell Karl Subban is hit by Troy Brouwer and loses puck.
18:54 of 1st period - Petr Sykora is hit by Marcel Hossa and loses puck.
Goals for this period are 1 for Scraper vs 1 for Demolitions.
Shots for this period are 4 for Scraper vs 18 for Demolitions.

2nd period


0:01 of 2nd period - Matt Martin wins face-off versus Marcel Hossa in neutral zone.
0:04 of 2nd period - Backhand shot by Aaron Ward.
0:04 of 2nd period - Shot Misses the Net.
0:14 of 2nd period - Wrist shot by Brad Richardson.
0:14 of 2nd period - Deflect By Anthony Stewart.
0:14 of 2nd period - Shot Misses the Net.
0:14 of 2nd period - Puck is out of play.
0:15 of 2nd period - Brad Richardson wins face-off versus Matt Martin in Scraper zone.
0:22 of 2nd period - Penalty to Valeri Bure is over, Valeri Bure is back on ice.
0:46 of 2nd period - Aaron Ward is hit by Nicolas Blanchard and loses puck.
0:56 of 2nd period - Icing by Paul Ranger.
0:57 of 2nd period - Vince Rocco wins face-off versus Martin Hanzal in Scraper zone.
1:24 of 2nd period - Snap shot by Petr Sykora.
1:24 of 2nd period - Deflect By Riley Armstrong.
1:24 of 2nd period - Shot Misses the Net.
1:24 of 2nd period - Puck is out of play.
1:25 of 2nd period - Riley Armstrong wins face-off versus Brad Richardson in Demolitions zone.
1:36 of 2nd period - Wrist shot by Marcel Hossa.
1:36 of 2nd period - Stopped by Maxime Ouellet without a rebound.
1:37 of 2nd period - Logan Couture wins face-off versus Brad Richardson in Scraper zone.
2:04 of 2nd period - Michael Del Zotto is hit by Brandon Bochenski and loses puck.
2:41 of 2nd period - Slapshot by Petr Vrana.
2:41 of 2nd period - Goal by Petr Vrana - Scraper : 1 - Demolitions : 2.
2:42 of 2nd period - Logan Couture wins face-off versus Brad Richardson in neutral zone.
2:49 of 2nd period - Snap shot by Jamie Benn.
2:49 of 2nd period - Stopped by Antero Niittymaki with a rebound.
2:57 of 2nd period - Snap shot by Logan Couture.
2:57 of 2nd period - Stopped by Antero Niittymaki without a rebound.
2:58 of 2nd period - Riley Armstrong wins face-off versus Nicolas Blanchard in Demolitions zone.
3:13 of 2nd period - Snap shot by Riley Armstrong.
3:13 of 2nd period - Stopped by Antero Niittymaki with a rebound.
3:27 of 2nd period - Wrist shot by Alexander Radulov.
3:27 of 2nd period - Deflect By Jamie Benn.
3:27 of 2nd period - Shot Misses the Net.
3:27 of 2nd period - Puck is out of play.
3:28 of 2nd period - Logan Couture wins face-off versus Brad Richardson in Demolitions zone.
3:48 of 2nd period - Major / Game Misconduct Penalty to Anthony Stewart for Spearing.
3:48 of 2nd period - Anthony Stewart is ejected from game.
3:49 of 2nd period - Brad Richardson wins face-off versus Logan Couture in Demolitions zone.
3:57 of 2nd period - Snap shot by Aaron Ward.
3:57 of 2nd period - Stopped by Antero Niittymaki with a rebound.
3:59 of 2nd period - Slapshot by Aaron Ward.
3:59 of 2nd period - Deflect By Valeri Bure.
3:59 of 2nd period - Shot Misses the Net.
3:59 of 2nd period - Puck is out of play.
4:00 of 2nd period - Brad Richardson wins face-off versus Logan Couture in Demolitions zone.
4:06 of 2nd period - Snap shot by Valeri Bure.
4:06 of 2nd period - Stopped by Antero Niittymaki with a rebound.
4:45 of 2nd period - Wrist shot by Logan Couture.
4:45 of 2nd period - Shot Misses the Net.
4:47 of 2nd period - Snap shot by Pernell Karl Subban.
4:47 of 2nd period - Stopped by Antero Niittymaki with a rebound.
4:49 of 2nd period - Backhand shot by Aaron Ward.
4:49 of 2nd period - Goal by Aaron Ward - Scraper : 2 - Demolitions : 2.
4:50 of 2nd period - Brad Richardson wins face-off versus Riley Armstrong in neutral zone.
4:53 of 2nd period - Wrist shot by Petr Vrana.
4:53 of 2nd period - Shot Misses the Net.
4:55 of 2nd period - Snap shot by Petr Vrana.
4:55 of 2nd period - Stopped by Maxime Ouellet with a rebound.
4:57 of 2nd period - Slapshot by Taylor Chorney.
4:57 of 2nd period - Stopped by Maxime Ouellet with a rebound.
4:59 of 2nd period - Wrist shot by Petr Vrana.
4:59 of 2nd period - Shot Misses the Net.
6:27 of 2nd period - Aaron Ward is hit by Kyle Cumiskey and loses puck.
8:05 of 2nd period - Kyle Wharton is hit by Mike Knuble and loses puck.
8:40 of 2nd period - Taylor Chorney is hit by Karl Alzner and loses puck.
8:48 of 2nd period - Penalty to Anthony Stewart is over, Brandon Bochenski is send on ice.
9:36 of 2nd period - Icing by Aaron Ward.
9:37 of 2nd period - Brad Richardson wins face-off versus Riley Armstrong in Scraper zone.
10:08 of 2nd period - Michael Del Zotto is hit by Bobby Butler and loses puck.
10:27 of 2nd period - Snap shot by Martin Hanzal.
10:27 of 2nd period - Shot Misses the Net.
10:39 of 2nd period - Wrist shot by Troy Brouwer.
10:39 of 2nd period - Stopped by Maxime Ouellet with a rebound.
10:42 of 2nd period - Icing by Aaron Voros.
10:43 of 2nd period - Riley Armstrong wins face-off versus Nicolas Blanchard in Scraper zone.
11:13 of 2nd period - Bobby Butler is hit by Alexander Radulov and loses puck.
12:04 of 2nd period - Wrist shot by Alexander Radulov.
12:04 of 2nd period - Shot Misses the Net.
12:06 of 2nd period - Slapshot by Logan Couture.
12:06 of 2nd period - Deflect By Jamie Benn.
12:06 of 2nd period - Stopped by Antero Niittymaki with a rebound.
12:08 of 2nd period - Slapshot by Karl Alzner.
12:08 of 2nd period - Stopped by Antero Niittymaki without a rebound.
12:09 of 2nd period - Troy Brouwer wins face-off versus Riley Armstrong in Demolitions zone.
12:09 of 2nd period - Nicolas Blanchard is hit by Aaron Voros and loses puck.
12:34 of 2nd period - Logan Couture is hit by Cal Clutterbuck and loses puck.
13:13 of 2nd period - Snap shot by Mike Knuble.
13:13 of 2nd period - Deflect By Troy Brouwer.
13:13 of 2nd period - Stopped by Antero Niittymaki with a rebound.
13:27 of 2nd period - Slapshot by Pernell Karl Subban.
13:27 of 2nd period - Stopped by Antero Niittymaki with a rebound.
13:29 of 2nd period - Wrist shot by Petr Sykora.
13:29 of 2nd period - Goal by Petr Sykora - Scraper : 3 - Demolitions : 2.
13:30 of 2nd period - Bobby Butler wins face-off versus Logan Couture in neutral zone.
13:30 of 2nd period - Bobby Butler is hit by Logan Couture.
13:34 of 2nd period - Wrist shot by Marcel Hossa.
13:34 of 2nd period - Stopped by Maxime Ouellet with a rebound.
13:36 of 2nd period - Snap shot by Marcel Hossa.
13:36 of 2nd period - Goal by Marcel Hossa - Scraper : 3 - Demolitions : 3.
13:37 of 2nd period - Jamie Benn wins face-off versus Brad Richardson in neutral zone.
13:39 of 2nd period - Michael Del Zotto is hit by Bobby Butler and loses puck.
14:04 of 2nd period - Icing by Riley Armstrong.
14:05 of 2nd period - Riley Armstrong wins face-off versus Nicolas Blanchard in Scraper zone.
14:05 of 2nd period - Riley Armstrong is hit by Troy Brouwer.
14:10 of 2nd period - Pernell Karl Subban is hit by Andy Rogers and loses puck.
14:19 of 2nd period - Aaron Voros is hit by Nicolas Blanchard.
14:58 of 2nd period - Wrist shot by Logan Couture.
14:58 of 2nd period - Stopped by Antero Niittymaki without a rebound.
14:59 of 2nd period - Bobby Butler wins face-off versus Logan Couture in Demolitions zone.
14:59 of 2nd period - Bobby Butler is hit by Alexander Radulov.
15:26 of 2nd period - Snap shot by Marcel Hossa.
15:26 of 2nd period - Stopped by Maxime Ouellet with a rebound.
15:28 of 2nd period - Slapshot by Kyle Wharton.
15:28 of 2nd period - Stopped by Maxime Ouellet with a rebound.
15:42 of 2nd period - Snap shot by Troy Brouwer.
15:42 of 2nd period - Stopped by Maxime Ouellet without a rebound.
15:43 of 2nd period - Brad Richardson wins face-off versus Roman Cervenka in Scraper zone.
15:54 of 2nd period - Wrist shot by Marcel Hossa.
15:54 of 2nd period - Stopped by Maxime Ouellet with a rebound.
15:56 of 2nd period - Slapshot by Brad Richardson.
15:56 of 2nd period - Shot Blocked by Michael Del Zotto.
16:52 of 2nd period - Ben Eager is hit by Marcel Hossa and loses puck.
17:57 of 2nd period - Minor Penalty to Matt Martin for Interference.
17:58 of 2nd period - Brad Richardson wins face-off versus Valeri Bure in Scraper zone.
19:49 of 2nd period - Mike Knuble is hit by Andy Rogers and loses puck.
19:57 of 2nd period - Penalty to Matt Martin is over, Matt Martin is back on ice.
Goals for this period are 2 for Scraper vs 2 for Demolitions.
Shots for this period are 13 for Scraper vs 11 for Demolitions.

3rd period


0:01 of 3rd period - Logan Couture wins face-off versus Brad Richardson in neutral zone.
0:30 of 3rd period - Snap shot by Troy Brouwer.
0:30 of 3rd period - Stopped by Maxime Ouellet with a rebound.
0:48 of 3rd period - Snap shot by Valeri Bure.
0:48 of 3rd period - Shot Misses the Net.
0:50 of 3rd period - Slapshot by Valeri Bure.
0:50 of 3rd period - Shot Misses the Net.
0:58 of 3rd period - Slapshot by Martin Hanzal.
0:58 of 3rd period - Deflect By Valeri Bure.
0:58 of 3rd period - Stopped by Antero Niittymaki with a rebound.
1:00 of 3rd period - Snap shot by Ben Eager.
1:00 of 3rd period - Stopped by Antero Niittymaki with a rebound.
1:30 of 3rd period - Slapshot by Nicolas Blanchard.
1:30 of 3rd period - Stopped by Maxime Ouellet with a rebound.
1:54 of 3rd period - Eric Gryba is hit by Anton Babchuk and loses puck.
2:13 of 3rd period - Slapshot by Valeri Bure.
2:13 of 3rd period - Stopped by Antero Niittymaki without a rebound.
2:14 of 3rd period - Nicolas Blanchard wins face-off versus Logan Couture in Demolitions zone.
2:29 of 3rd period - Snap shot by Troy Brouwer.
2:29 of 3rd period - Shot Blocked by Jamie Benn.
2:55 of 3rd period - Snap shot by Valeri Bure.
2:55 of 3rd period - Stopped by Antero Niittymaki without a rebound.
2:56 of 3rd period - Martin Hanzal wins face-off versus Brad Richardson in Demolitions zone.
2:59 of 3rd period - Wrist shot by Valeri Bure.
2:59 of 3rd period - Shot Misses the Net.
3:01 of 3rd period - Slapshot by Paul Ranger.
3:01 of 3rd period - Stopped by Antero Niittymaki without a rebound.
3:02 of 3rd period - Logan Couture wins face-off versus Nicolas Blanchard in Demolitions zone.
3:59 of 3rd period - Snap shot by Martin Hanzal.
3:59 of 3rd period - Shot Blocked by Brandon Bochenski.
4:30 of 3rd period - Marcel Hossa is hit by Pernell Karl Subban and loses puck.
4:47 of 3rd period - Pernell Karl Subban is hit by Nicolas Blanchard and loses puck.
4:52 of 3rd period - Wrist shot by Troy Brouwer.
4:52 of 3rd period - Stopped by Maxime Ouellet with a rebound.
5:40 of 3rd period - Pernell Karl Subban is hit by Petr Vrana and loses puck.
6:16 of 3rd period - Minor Penalty to Matt Martin for Holding Stick.
6:17 of 3rd period - Valeri Bure wins face-off versus Marcel Hossa in Scraper zone.
6:17 of 3rd period - Valeri Bure is hit by Bobby Butler.
6:27 of 3rd period - Snap shot by Brad Richardson.
6:27 of 3rd period - Stopped by Maxime Ouellet without a rebound.
6:28 of 3rd period - Valeri Bure wins face-off versus Brad Richardson in Scraper zone.
6:39 of 3rd period - Brad Richardson is hit by Paul Ranger and loses puck.
7:02 of 3rd period - Snap shot by Nicolas Blanchard.
7:02 of 3rd period - Stopped by Maxime Ouellet with a rebound.
8:15 of 3rd period - Petr Sykora is hit by Bobby Butler and loses puck.
8:16 of 3rd period - Penalty to Matt Martin is over, Matt Martin is back on ice.
9:07 of 3rd period - Marc-André Bernier is hit by Matt Martin and loses puck.
9:45 of 3rd period - Kyle Cumiskey is hit by Roman Cervenka and loses puck.
11:04 of 3rd period - Brad Richardson is hit by Valeri Bure and loses puck.
11:17 of 3rd period - Kyle Wharton is hit by Roman Cervenka.
11:27 of 3rd period - Vince Rocco is hit by Jamie Benn and loses puck.
12:38 of 3rd period - Pernell Karl Subban is hit by Anton Babchuk and loses puck.
12:51 of 3rd period - Nicolas Blanchard is hit by Martin Hanzal and loses puck.
13:12 of 3rd period - Brad Richardson is hit by Petr Sykora and loses puck.
14:00 of 3rd period - Matt Martin is hit by Bobby Butler and loses puck.
14:19 of 3rd period - Logan Couture is hit by Robert Bortuzzo.
14:23 of 3rd period - Slapshot by Karl Alzner.
14:23 of 3rd period - Shot Misses the Net.
14:25 of 3rd period - Wrist shot by Logan Couture.
14:25 of 3rd period - Shot Blocked by Kyle Wharton.
16:03 of 3rd period - Icing by Mike Knuble.
16:04 of 3rd period - Nicolas Blanchard wins face-off versus Martin Hanzal in Scraper zone.
16:05 of 3rd period - Wrist shot by Petr Vrana.
16:05 of 3rd period - Shot Hit the Post.
16:11 of 3rd period - Wrist shot by Martin Hanzal.
16:11 of 3rd period - Stopped by Antero Niittymaki without a rebound.
16:12 of 3rd period - Brad Richardson wins face-off versus Martin Hanzal in Demolitions zone.
16:12 of 3rd period - Brad Richardson is hit by Valeri Bure.
16:22 of 3rd period - Slapshot by Valeri Bure.
16:22 of 3rd period - Stopped by Antero Niittymaki without a rebound.
16:23 of 3rd period - Vince Rocco wins face-off versus Martin Hanzal in Demolitions zone.
16:40 of 3rd period - Ben Eager is hit by Bobby Butler and loses puck.
16:51 of 3rd period - Snap shot by Martin Hanzal.
16:51 of 3rd period - Stopped by Antero Niittymaki without a rebound.
16:52 of 3rd period - Logan Couture wins face-off versus Brad Richardson in Demolitions zone.
16:53 of 3rd period - Snap shot by Alexander Radulov.
16:53 of 3rd period - Stopped by Antero Niittymaki with a rebound.
16:55 of 3rd period - Wrist shot by Alexander Radulov.
16:55 of 3rd period - Shot Misses the Net.
16:57 of 3rd period - Slapshot by Aaron Ward.
16:57 of 3rd period - Stopped by Antero Niittymaki with a rebound.
16:59 of 3rd period - Snap shot by Alexander Radulov.
16:59 of 3rd period - Shot Misses the Net.
17:48 of 3rd period - Wrist shot by Bobby Butler.
17:48 of 3rd period - Shot Misses the Net.
Goals for this period are 0 for Scraper vs 0 for Demolitions.
Shots for this period are 10 for Scraper vs 5 for Demolitions.

Overtime #1


0:01 of 1st overtime period - Brad Richardson wins face-off versus Logan Couture in neutral zone.
0:04 of 1st overtime period - Snap shot by Kyle Cumiskey.
0:04 of 1st overtime period - Stopped by Maxime Ouellet with a rebound.
0:26 of 1st overtime period - Taylor Chorney is hit by Aaron Voros and loses puck.
0:51 of 1st overtime period - Snap shot by Cal Clutterbuck.
0:51 of 1st overtime period - Shot Hit the Post.
1:05 of 1st overtime period - Snap shot by Brad Richardson.
1:05 of 1st overtime period - Shot Misses the Net.
1:07 of 1st overtime period - Wrist shot by Petr Vrana.
1:07 of 1st overtime period - Stopped by Maxime Ouellet with a rebound.
1:09 of 1st overtime period - Slapshot by Marc-André Bernier.
1:09 of 1st overtime period - Shot Blocked by Karl Alzner.
1:11 of 1st overtime period - Slapshot by Anton Babchuk.
1:11 of 1st overtime period - Shot Misses the Net.
1:13 of 1st overtime period - Wrist shot by Marc-André Bernier.
1:13 of 1st overtime period - Shot Misses the Net.
1:22 of 1st overtime period - Off-side.
1:23 of 1st overtime period - Brad Richardson wins face-off versus Logan Couture in neutral zone.
1:46 of 1st overtime period - Petr Sykora is hit by Troy Brouwer and loses puck.
1:55 of 1st overtime period - Slapshot by Aaron Ward.
1:55 of 1st overtime period - Stopped by Antero Niittymaki with a rebound.
2:28 of 1st overtime period - Roman Cervenka is hit by Nicolas Blanchard and loses puck.
3:27 of 1st overtime period - Anton Babchuk is hit by Jamie Benn and loses puck.
3:55 of 1st overtime period - Icing by Vince Rocco.
3:56 of 1st overtime period - Vince Rocco wins face-off versus Roman Cervenka in Demolitions zone.
4:38 of 1st overtime period - Matt Martin is hit by Marcel Hossa.
5:36 of 1st overtime period - Snap shot by Martin Hanzal.
5:36 of 1st overtime period - Stopped by Antero Niittymaki with a rebound.
5:54 of 1st overtime period - Snap shot by Jamie Benn.
5:54 of 1st overtime period - Stopped by Antero Niittymaki without a rebound.
5:55 of 1st overtime period - Brad Richardson wins face-off versus Logan Couture in Demolitions zone.
6:20 of 1st overtime period - Paul Ranger is hit by Cal Clutterbuck and loses puck.
6:38 of 1st overtime period - Icing by Nicolas Blanchard.
6:39 of 1st overtime period - Martin Hanzal wins face-off versus Nicolas Blanchard in Demolitions zone.
6:40 of 1st overtime period - Slapshot by Ben Eager.
6:40 of 1st overtime period - Stopped by Antero Niittymaki with a rebound.
6:43 of 1st overtime period - Icing by Taylor Chorney.
6:44 of 1st overtime period - Nicolas Blanchard wins face-off versus Logan Couture in Demolitions zone.
6:57 of 1st overtime period - Snap shot by Troy Brouwer.
6:57 of 1st overtime period - Stopped by Maxime Ouellet with a rebound.
6:59 of 1st overtime period - Wrist shot by Troy Brouwer.
6:59 of 1st overtime period - Shot Blocked by Paul Ranger.
7:01 of 1st overtime period - Slapshot by Taylor Chorney.
7:01 of 1st overtime period - Shot Misses the Net.
7:09 of 1st overtime period - Wrist shot by Brandon Bochenski.
7:09 of 1st overtime period - Shot Misses the Net.
7:11 of 1st overtime period - Snap shot by Nicolas Blanchard.
7:11 of 1st overtime period - Shot Blocked by Paul Ranger.
7:17 of 1st overtime period - Wrist shot by Troy Brouwer.
7:17 of 1st overtime period - Stopped by Maxime Ouellet without a rebound.
7:18 of 1st overtime period - Brad Richardson wins face-off versus Riley Armstrong in Scraper zone.
7:21 of 1st overtime period - Snap shot by Brad Richardson.
7:21 of 1st overtime period - Stopped by Maxime Ouellet without a rebound.
7:22 of 1st overtime period - Brad Richardson wins face-off versus Riley Armstrong in Scraper zone.
7:30 of 1st overtime period - Minor Penalty to Riley Armstrong for Slashing.
7:31 of 1st overtime period - Brad Richardson wins face-off versus Valeri Bure in Scraper zone.
8:31 of 1st overtime period - Andy Rogers is hit by Michael Del Zotto and loses puck.
9:04 of 1st overtime period - Marcel Hossa is hit by Michael Del Zotto and loses puck.
9:30 of 1st overtime period - Penalty to Riley Armstrong is over, Riley Armstrong is back on ice.
10:33 of 1st overtime period - Marcel Hossa is hit by Ben Eager and loses puck.
10:40 of 1st overtime period - Minor Penalty to Robert Bortuzzo for Cross-checking.
10:41 of 1st overtime period - Brad Richardson wins face-off versus Logan Couture in Demolitions zone.
11:06 of 1st overtime period - Slapshot by Alexander Radulov.
11:06 of 1st overtime period - Stopped by Antero Niittymaki with a rebound.
11:08 of 1st overtime period - Slapshot by Paul Ranger.
11:08 of 1st overtime period - Stopped by Antero Niittymaki with a rebound.
11:10 of 1st overtime period - Slapshot by Paul Ranger.
11:10 of 1st overtime period - Stopped by Antero Niittymaki without a rebound.
11:11 of 1st overtime period - Riley Armstrong wins face-off versus Brad Richardson in Demolitions zone.
11:21 of 1st overtime period - Wrist shot by Alexander Radulov.
11:21 of 1st overtime period - Scraper goal is going for a video replay.
11:21 of 1st overtime period - The goal is refused. The referee deems the play has been stopped, even if he had not physically had the opportunity to stop play by blowing his whistle..
11:22 of 1st overtime period - Logan Couture wins face-off versus Brad Richardson in Demolitions zone.
11:23 of 1st overtime period - Wrist shot by Valeri Bure.
11:23 of 1st overtime period - Stopped by Antero Niittymaki with a rebound.
12:12 of 1st overtime period - Off-side.
12:13 of 1st overtime period - Nicolas Blanchard wins face-off versus Logan Couture in neutral zone.
12:16 of 1st overtime period - Slapshot by Anton Babchuk.
12:16 of 1st overtime period - Shot Misses the Net.
12:40 of 1st overtime period - Penalty to Robert Bortuzzo is over, Robert Bortuzzo is back on ice.
12:54 of 1st overtime period - Matt Martin is hit by Bobby Butler and loses puck.
13:24 of 1st overtime period - Wrist shot by Troy Brouwer.
13:24 of 1st overtime period - Shot Hit the Post.
13:26 of 1st overtime period - Slapshot by Kyle Cumiskey.
13:26 of 1st overtime period - Goal by Kyle Cumiskey - Scraper : 3 - Demolitions : 4.
Goals for this period are 0 for Scraper vs 1 for Demolitions.
Shots for this period are 9 for Scraper vs 6 for Demolitions.


Output by the SimonT Hockey Simulator (STHS) for François Prévost -- Original Page W3C XHTML 1.0 Valid
Hockey Simulator - Hockey Simulation - Hockey Manager